 Dungeon Crawl Stone Soup version 0.19.3-1-g3169bf9 (webtiles) character file.

22753 theRoog the Severer (level 12, -16/113 HPs)
             Began as a Minotaur Berserker on Jan 26, 2017.
             Was the Champion of Trog.
             Killed from afar by a deep elf mage (36 damage)
             ... with a bolt of lightning
             ... on level 14 of the Dungeon.
             The game lasted 00:23:52 (11066 turns).

theRoog the Severer (Minotaur Berserker)           Turns: 11066, Time: 00:23:53

Health: -16/113    AC: 18    Str: 32    XL:     12   Next: 65%
Magic:  11/11      EV:  9    Int:  6    God:    Trog [******]
Gold:   632        SH:  0    Dex:  9    Spells: 0 memorised, 11 levels left

rFire  x . .     SeeInvis .     q - +5 trident "Ritoetog" {pierce, Int+2 Stlth+}
rCold  + . .     Gourm    +     u - +1 plate armour
rNeg   . . .     Faith    .     (no shield)
rPois  .         Spirit   .     (helmet restricted)
rElec  .         Reflect  .     (no cloak)
rCorr  .         Harm     .     H - +0 pair of gloves
MR     +....                    (no boots)
Stlth  ..........               Q - amulet of the gourmand
                                T - +4 ring of strength
                                f - ring of ice

@: no status effects
A: retaliatory headbutt, horns 2, magic resistance 1
a: Berserk, Trog's Hand, Brothers in Arms, Burn Spellbooks, Renounce Religion


You were on level 14 of the Dungeon.
You worshipped Trog.
Trog was exalted by your worship.
You were not hungry.

You visited 1 branch of the dungeon, and saw 13 of its levels.
You also visited: Ossuary.

You collected 983 gold pieces.
You spent 351 gold pieces at shops.

Inventory:

Hand Weapons
 d - a +3 arbalest of freezing
 q - the +5 trident "Ritoetog" (weapon) {pierce, Int+2 Stlth+}
   (You found it on level 12 of the Dungeon)

   It inflicts extra damage upon your enemies.
   It affects your intelligence (+2).
   It makes you more stealthy.
 s - a +3 war axe of flaming
 A - a +2 battleaxe of chopping
Armour
 u - a +1 plate armour (worn)
 y - a +0 scale mail
 H - a +0 pair of gloves (worn)
 O - a +0 troll leather armour
Jewellery
 f - a ring of ice (left hand)
 L - an uncursed amulet of guardian spirit
 M - a +2 amulet of reflection
 Q - an amulet of the gourmand (around neck)
 T - a +4 ring of strength (right hand)
Wands
 b - a wand of confusion (21/48)
 w - a wand of flame (30/48)
 E - a wand of digging (9/24)
 J - a wand of flame (48/48)
 N - a wand of confusion (23/48)
 W - a wand of confusion (22/48)
Scrolls
 h - a scroll of immolation
 i - 2 scrolls of enchant weapon
 m - 10 scrolls of teleportation
 o - 3 scrolls of recharging
 p - a scroll of amnesia
 t - 2 scrolls of brand weapon {unknown}
 z - 3 scrolls of enchant armour
 B - 3 scrolls of summoning {unknown}
 D - a scroll of magic mapping
 I - a scroll of identify
 K - a scroll of blinking
 P - 3 scrolls of remove curse
 U - a scroll of fear
 X - 2 scrolls of fog {unknown}
 Y - a scroll of silence
 Z - a scroll of random uselessness {unknown}
Potions
 a - a potion of invisibility
 e - 2 potions of resistance
 g - 3 potions of might
 k - 5 potions of curing
 l - 4 potions of flight
 n - a potion of magic
 r - 2 potions of haste
 x - 5 potions of ambrosia
 C - a potion of cancellation
 F - a potion of agility
 G - 2 potions of heal wounds
Miscellaneous
 S - a phial of floods
Comestibles
 c - 7 bread rations
 j - 4 beef jerkies
 v - 5 meat rations
 V - 26 fruits


   Skills:
 + Level 12.4 Fighting
 + Level 16.2(16.7) Axes
 + Level 7.2(12.8) Polearms
 + Level 12.6 Armour
 + Level 3.2 Dodging
 + Level 1.0 Stealth


You had 11 spell levels left.
You didn't know any spells.

Dungeon Overview and Level Annotations

Branches:
Dungeon (14/15)              Lair (0/6) D:10            Orc (0/2) D:11
 Temple: D:4-7       Vaults: D:13-14

Altars:
Cheibriados
Dithmenos
Elyvilon
Okawaru
Qazlal
Ru
Sif Muna
Trog
Vehumet

Shops:
D:5 !   D:10 [=[


Innate Abilities, Weirdness & Mutations

You reflexively headbutt those who attack you in melee.
You have a pair of horns on your head.
You are resistant to hostile enchantments. (MR+)


Message History

You are too injured to fight recklessly!
You are too injured to fight recklessly!
You are too injured to fight recklessly!
You are too injured to fight recklessly!
You are too injured to fight recklessly!
You are too injured to fight recklessly!
You are too injured to fight recklessly!
You are too injured to fight recklessly!
You are too injured to fight recklessly!
You are too injured to fight recklessly!
You are too injured to fight recklessly!
Unknown command.
You are too injured to fight recklessly!
You hit the deep elf mage. You headbutt the deep elf mage.
The deep elf mage is severely wounded.
You closely miss the deep elf mage.
The deep elf mage is severely wounded.
The deep elf mage casts a spell at you. The bolt of lightning hits you!
You die...

....# #.#.....#.# ....########.
#.+.....#.# <..........#$#####
#.......#.#
...........#.....#######..#######
...........#.....#. ...#..# #
...........#.>...#. #.##..# #
..........##.....#.#.#.#..# #
..........#.....e#..##e#..#.##. #
..........#.....@#.#.?e)...(..# #
##'########.....[#####)#..#e#####
.......................e.........
........)..........).............
...............$.#####.#..#.#####
.......#########.# ......... #
##+#...# #.# #.#..#.##. ...#...#
#.# #.#..#.# ...#...# #.# #..#


You could see a deep elf mage.

Vanquished Creatures
  Fannar (D:11)
  Harold (D:10)
  A catoblepas (D:13)
  2 centaur warriors
  5 hill giants
  Pikel (D:8)
  An orc knight (D:14)
  A wolf spider zombie (D:10)
  2 ugly things
  A deep elf mage (D:12)
  A manticore (D:11)
  A cyclops (D:13)
  Maurice (D:12)
  Psyche (D:10)
  A gargoyle (D:13)
  A centaur skeleton (D:10)
  2 hellwings (D:10)
  A tengu conjurer (D:11)
  A meliai (D:13)
  3 trolls (D:9)
  3 two-headed ogres
  A meliai zombie (D:11)
  4 hippogriffs
  A shadow (D:11)
  2 wyverns
  2 vampires (D:10)
  12 yaks
  A hill giant zombie (D:11)
  2 hungry ghosts (D:11)
  Menkaure (D:5)
  2 water moccasins
  A porcupine (D:10)
  A hornet zombie (D:10)
  3 orc warriors
  An ice beast (D:10)
  2 black bears
  2 phantoms
  2 ogres
  6 centaurs
  A boggart (D:14)
  A crocodile (D:10)
  5 big kobolds
  8 bullfrogs
  A wyvern skeleton (D:13)
  A wyvern zombie (D:13)
  2 scorpions
  2 troll zombies (D:11)
  3 wights (D:9)
  3 howler monkeys
  4 crimson imps
  7 centaur zombies
  3 orc priests
  3 bullfrog zombies
  2 jellies
  6 orc wizards
  3 bullfrog skeletons
  Terence (D:2)
  5 iguanas
  6 worker ants
  2 big kobold zombies (Ossuary)
  5 ogre zombies (D:11)
  A howler monkey zombie (D:11)
  8 mummies (Ossuary)
  A hound skeleton (D:10)
  4 gnolls (D:3)
  9 adders
  5 river rats (D:10)
  8 shadow imps
  An ooze (D:4)
  An adder zombie (D:9)
  An adder skeleton (D:6)
  2 worms (D:2)
  3 dart slugs
  5 leopard geckos
  26 orcs
  12 bats
  4 giant cockroaches
  9 goblins
  9 hobgoblins
  15 jackals
  24 kobolds
  6 quokkas
  6 frilled lizards
  3 gnoll zombies (Ossuary)
  A goblin skeleton (D:11)
  3 goblin zombies (D:11)
  A hobgoblin skeleton (D:11)
  6 hobgoblin zombies
  A kobold zombie (Ossuary)
  4 orc skeletons (D:11)
  12 orc zombies
  12 rats
355 creatures vanquished.

Vanquished Creatures (others)
  8 fungi (D:5)
8 creatures vanquished.

Grand Total: 363 creatures vanquished

Notes
Turn   | Place    | Note
-------+----------+-------------------------------------------
     0 | D:1      | theRoog the Minotaur Berserker began the quest for the Orb.
     0 | D:1      | Reached XP level 1. HP: 19/19 MP: 0/0
    50 | D:1      | Found a bloodstained altar of Trog.
   196 | D:1      | Reached XP level 2. HP: 23/27 MP: 1/1
   796 | D:2      | Reached XP level 3. HP: 34/34 MP: 2/2
   925 | D:2      | Reached ** piety under Trog
  1035 | D:2      | Noticed Terence
  1046 | D:2      | Killed Terence
  1046 | D:2      | Reached skill level 1 in Axes
  1046 | D:2      | Reached XP level 4. HP: 12/41 MP: 3/3
  1352 | D:2      | Found a snail-covered altar of Cheibriados.
  1634 | D:3      | Reached skill level 2 in Axes
  1799 | D:3      | Noticed a centaur
  1805 | D:3      | Killed a centaur
  1805 | D:3      | Reached skill level 3 in Axes
  1805 | D:3      | Reached XP level 5. HP: 33/47 MP: 4/4
  1957 | D:3      | Reached skill level 5 in Fighting
  2086 | D:3      | Reached *** piety under Trog
  2214 | D:3      | Reached XP level 6. HP: 51/56 MP: 5/5
  2218 | D:3      | Reached skill level 4 in Axes
  2533 | D:4      | Reached skill level 5 in Axes
  2607 | D:4      | Reached skill level 5 in Armour
  2620 | D:4      | Found a sand-covered staircase.
  2675 | Ossuary  | Entered an ossuary
  2689 | Ossuary  | Reached **** piety under Trog
  2689 | Ossuary  | Reached XP level 7. HP: 57/61 MP: 6/6
  2701 | Ossuary  | Received a gift from Trog
  2717 | Ossuary  | Reached skill level 6 in Axes
  2944 | D:4      | Found a deep blue altar of Sif Muna.
  3186 | D:5      | Entered Level 5 of the Dungeon
  3194 | D:5      | Found Udynwodi's Distillery.
  3227 | D:5      | Found an iron altar of Okawaru.
  3231 | D:5      | Reached skill level 7 in Axes
  3251 | D:5      | Reached XP level 8. HP: 53/70 MP: 7/7
  3422 | D:5      | Found a radiant altar of Vehumet.
  3622 | D:5      | Noticed Menkaure
  3624 | D:5      | Killed Menkaure
  3624 | D:5      | Reached skill level 8 in Axes
  3780 | D:6      | You fall through a shaft for 2 floors!
  3958 | D:8      | Noticed Pikel
  3963 | D:8      | Killed Pikel
  3963 | D:8      | Reached skill level 9 in Axes
  4109 | D:8      | Reached skill level 10 in Axes
  4117 | D:8      | Found a stormy altar of Qazlal.
  4118 | D:8      | Noticed an air elemental
  4130 | D:8      | Noticed a hippogriff
  4137 | D:8      | Killed a hippogriff
  4137 | D:8      | Reached XP level 9. HP: 74/78 MP: 8/8
  4508 | D:9      | Noticed a troll
  4515 | D:9      | Killed a troll
  4559 | D:9      | Reached skill level 11 in Axes
  4730 | D:9      | Noticed a troll
  4735 | D:9      | Reached ***** piety under Trog
  4738 | D:9      | Killed a troll
  5133 | D:9      | Reached skill level 12 in Axes
  5264 | D:9      | Reached XP level 10. HP: 88/88 MP: 9/9
  5309 | D:9      | Found a shadowy altar of Dithmenos.
  5621 | D:10     | Entered Level 10 of the Dungeon
  5632 | D:10     | Noticed Harold
  5652 | D:10     | Killed Harold
  5652 | D:10     | Reached skill level 13 in Axes
  5687 | D:10     | Reached skill level 10 in Armour
  6004 | D:10     | Gained mutation: You are resistant to hostile enchantments. (MR+) [potion of beneficial mutation]
  6017 | D:10     | Noticed a hill giant
  6028 | D:10     | Killed a hill giant
  6035 | D:10     | Received a gift from Trog
  6221 | D:10     | Reached skill level 14 in Axes
  6244 | D:10     | Reached XP level 11. HP: 70/99 MP: 10/10
  6316 | D:10     | Reached skill level 10 in Fighting
  6951 | D:10     | Found Edawael's Jewellery Shoppe.
  6957 | D:10     | Bought a +4 ring of strength for 351 gold pieces
  7141 | D:10     | Found Inukhleist's Armour Shoppe.
  7238 | D:10     | Noticed Psyche
  7245 | D:10     | Killed Psyche
  7245 | D:10     | Reached skill level 15 in Axes
  7309 | D:10     | Found Odit's Antique Armour Boutique.
  7363 | D:10     | Found a staircase to the Lair.
  7748 | D:11     | Noticed Fannar
  7768 | D:11     | Killed Fannar
  8023 | D:11     | Found a staircase to the Orcish Mines.
  8063 | D:11     | Noticed a brown ugly thing
  8068 | D:11     | Reached ****** piety under Trog
  8084 | D:11     | Killed a brown ugly thing
  8831 | D:11     | Noticed a hill giant
  8838 | D:11     | Killed a hill giant
  9301 | D:12     | Noticed Maurice
  9330 | D:12     | Killed Maurice
  9348 | D:12     | Noticed a centaur warrior
  9357 | D:12     | Reached XP level 12. HP: 66/110 MP: 11/11
  9360 | D:12     | Killed a centaur warrior
  9411 | D:12     | Got a pitted trident
  9416 | D:12     | Identified the +5 trident "Ritoetog" {pierce, Int+2 Stlth+} (You found it on level 12 of the Dungeon)
  9435 | D:12     | Reached skill level 16 in Axes
  9450 | D:12     | Found a white marble altar of Elyvilon.
  9739 | D:13     | Noticed a centaur warrior
  9745 | D:13     | Killed a centaur warrior
  9775 | D:13     | Reached skill level 1 in Stealth
  9823 | D:13     | Noticed a catoblepas
  9832 | D:13     | Killed a catoblepas
  9947 | D:13     | Received a gift from Trog
  9986 | D:13     | Reached skill level 5 in Polearms
 10041 | D:13     | Found a sacrificial altar of Ru.
 10413 | D:14     | HP: 2/113 [ogre/giant spiked club (14)]
 11050 | D:14     | Noticed an ogre mage
 11066 | D:14     | Killed from afar by a deep elf mage

Skill      XL: |  1  2  3  4  5  6  7  8  9 10 11 12 |
---------------+-------------------------------------+-----
Fighting       | 4 5 6 8 9 11 12 | 12.4
Polearms       | 4 7 |  7.2
Axes           | 1 3 5 7 10 12 14 15 16 | 16.2
Armour         | 3 4 5 7 9 10 11 12 | 12.6
Dodging        | 3 |  3.2
Stealth        | 1 |  1.0

Action                   |  1- 3 |  4- 6 |  7- 9 | 10-12 || total
-------------------------+-------+-------+-------+-------++-------
Melee: Spear             |    40 |       |       |       ||    40
       Headbutt          |     9 |    27 |    32 |   115 ||   183
       Hand axe          |    51 |    59 |       |       ||   110
       War axe           |       |    95 |   171 |   343 ||   609
       Trident           |       |       |       |   131 ||   131
Invok: Burn Spellbooks   |       |       |     1 |     1 ||     2
       Berserk           |       |       |     1 |     2 ||     3
  Use: Scroll            |       |       |    12 |     5 ||    17
       Potion            |       |       |       |    15 ||    15
  Eat: Bread ration      |       |     2 |       |     5 ||     7
       Meat ration       |       |       |     1 |       ||     1
       Beef jerky        |       |       |       |     2 ||     2
Armor: Chain mail        |    41 |    54 |       |       ||    95
       Plate armour      |       |    42 |   124 |   226 ||   392
Dodge: Dodged            |    25 |    83 |    61 |   133 ||   302
Block: Other             |       |       |     5 |    15 ||    20
       Reflection        |       |       |     1 |       ||     1
